 Dungeon Crawl Stone Soup version 0.19.1 (webtiles) character file.

65 empire the Grasshopper (level 3, 0/32 HPs)
             Began as a Deep Dwarf Warper on Dec 14, 2016.
             Slain by a gnoll
             ... wielding a +0 whip
              (5 damage)
             ... on level 2 of the Dungeon.
             The game lasted 00:03:38 (1674 turns).

empire the Grasshopper (Deep Dwarf Warper)          Turns: 1674, Time: 00:03:39

Health: 0/32       AC:  3    Str: 15    XL:     3   Next: 92%
Magic:  5/7        EV: 12    Int: 13    God:
Gold:   95         SH:  0    Dex: 12    Spells: 2 memorised, 3 levels left

rFire  . . .     SeeInvis .     a - +0 falchion
rCold  . . .     Gourm    .     b - +0 leather armour
rNeg   . . .     Faith    .     (no shield)
rPois  .         Spirit   .     (no helmet)
rElec  .         Reflect  .     (no cloak)
rCorr  .         Harm     .     (no gloves)
MR     .....                    (no boots)
Stlth  +.........               (no amulet)
                                (no ring)
                                (no ring)

@: non-regenerating
A: damage resistance, recharge devices, sense surroundings 1, slow regeneration
3
a: Device Recharging


You were on level 2 of the Dungeon.
You were not hungry.

You visited 1 branch of the dungeon, and saw 2 of its levels.

You collected 95 gold pieces.

Inventory:

Hand Weapons
 a - a +0 falchion (weapon)
Missiles
 e - 5 tomahawks of dispersal (quivered)
 h - 21 arrows
Armour
 b - a +0 leather armour (worn)
Jewellery
 r - an uncursed amulet of the gourmand {unknown}
Wands
 f - a wand of heal wounds (5/9)
Scrolls
 d - 2 scrolls of blinking
 i - a scroll of enchant armour {unknown}
 k - a scroll of enchant weapon {unknown}
 l - a scroll of teleportation
 n - a scroll of magic mapping {unknown}
 o - a scroll of remove curse {unknown}
 q - a scroll of random uselessness {unknown}
Potions
 j - a potion of might
 m - a potion of degeneration {unknown}
Books
 c - a book of Spatial Translocations

   Spells                             Type                      Level
   a - Blink                          Translocation                2
   b - Shroud of Golubria             Charms/Translocation         2
   c - Lesser Beckoning               Translocation                3
   d - Portal Projectile              Translocation                3
   e - Teleport Other                 Translocation                3
   f - Passage of Golubria            Translocation                4
Comestibles
 g - a bread ration
 p - a chunk of flesh


   Skills:
 - Level 1.7 Fighting
 + Level 3.2 Long Blades
 - Level 0.8 Throwing
 - Level 1.1 Armour
 - Level 2.1 Dodging
 + Level 2.8 Spellcasting
 - Level 3.2 Translocations


You had 3 spell levels left.
You knew the following spells:

 Your Spells              Type           Power        Failure   Level  Hunger
a - Blink                 Tloc           N/A          12%         2    ###....
b - Shroud of Golubria    Chrm/Tloc      #.........   24%         2    ###....


Dungeon Overview and Level Annotations

Branches:
Dungeon (2/15)

Altars:


Innate Abilities, Weirdness & Mutations

You are resistant to damage.
You can recharge devices by infusing magical energy.
You passively map a small area around you.
You do not regenerate.


Message History

Your shroud bends the gnoll's attack away!
You slash the gnoll!
The gnoll is heavily wounded.
The gnoll barely misses you.
You riposte.
You hit the gnoll.
The gnoll is almost dead.
The gnoll barely misses you.
You barely miss the gnoll.
The gnoll is almost dead.
Your shroud bends the gnoll's attack away.
The gnoll barely misses you.
You hit the gnoll but do no damage.
The gnoll is severely wounded.
The gnoll hits you but does no damage. The gnoll closely misses you.
The gnoll hits you with a whip.
You hit the gnoll but do no damage.
The gnoll is severely wounded.
The gnoll hits you from afar with a halberd!
* * * LOW HITPOINT WARNING * * *
The gnoll hits you with a whip!
You die...

, #......#
#...[..#, , ,
#......#.
#........
#..g........#
#g..........#
#g#.#.##....#
#g#,#........,,,
#@# .....######
#.######.#.......
#............#####
#####.............
#...........##
#))...>.....##
#...........#.
#........#..#.
#.....####....


You could see 3 gnolls.

Vanquished Creatures
  2 adders (D:2)
  A gnoll (D:2)
  2 oozes (D:1)
  A dart slug (D:1)
  4 bats (D:1)
  3 giant cockroaches
  3 goblins (D:1)
  7 hobgoblins
  A kobold (D:2)
  A frilled lizard (D:1)
  2 rats (D:1)
27 creatures vanquished.

Notes
Turn   | Place    | Note
-------+----------+-------------------------------------------
     0 | D:1      | empire the Deep Dwarf Warper began the quest for the Orb.
     0 | D:1      | Reached XP level 1. HP: 19/19 MP: 3/3
     3 | D:1      | Noticed an octopode
     3 | D:1      | Noticed an ogre
     5 | D:1      | Noticed a minotaur zombie
     9 | D:1      | Noticed a felid
    19 | D:1      | Noticed a centaur
   853 | D:1      | Reached XP level 2. HP: 15/26 MP: 5/5
   978 | D:1      | Learned a level 2 spell: Blink
   981 | D:1      | Learned a level 2 spell: Shroud of Golubria
  1354 | D:1      | Reached XP level 3. HP: 8/32 MP: 6/6
  1674 | D:2      | Slain by a gnoll

Skill      XL: |  1  2  3 |
---------------+----------+-----
Spellcasting   | 2 |  2.8
Long Blades    | 3 |  3.2
Fighting       | |  1.7
Throwing       | |  0.8
Armour         | |  1.1
Dodging        | |  2.1
Translocations | |  3.2

Action                   || total
-------------------------++-------
Melee: Falchion          ||   122
 Cast: Shroud of Golubri ||     1
  Use: Scroll            ||     2
       Potion            ||     1
  Eat: Chunk             ||     3
Armor: Leather armour    ||    29
Dodge: Dodged            ||    87
       Rpst.: Falchion   ||    29
